 Dungeon Crawl Stone Soup version 0.28-a0-535-g6f645e4c1d (webtiles) character file.

Game seed: 12457487385607147540

640006 timneilson the Impregnable (level 27, -7/181 (182) HPs)
             Began as a Gargoyle Fighter on Sept 26, 2021.
             Was a High Priest of Okawaru.
             Killed by divine providence
             ... invoked by a royal mummy
              (11 damage)
             ... on level 1 of the Tomb of the Ancients.
             The game lasted 04:10:47 (64061 turns).

timneilson the Impregnable (Gargoyle Fighter)      Turns: 64061, Time: 04:10:49

HP:   -7/181 (182)  AC: 65    Str: 43    XL:     27
MP:   0/35          EV: 14    Int:  2    God:    Okawaru [*****.]
Gold: 5334          SH: 25    Dex:  9    Spells: 31/36 levels left

rFire   + + .      SeeInvis .   z - +9 double sword (vorpal)
rCold   + + .      Faith    .   y - +2 tower shield {reflect}
rNeg    + + .      Spirit   +   V - +9 gold dragon scales
rPois   ∞          Reflect  +   W - +2 hat of Polish {rPois Str+6}
rElec   +          Harm     .   Q - +1 cloak {Will+}
rCorr   +          Rampage  ∞   C - +2 pair of gloves
Will    ++++.                   f - +3 pair of seven-league boots {Rampage+∞}
Stlth   ..........              D - amulet "Egyikura" {Spirit +Inv Regen+ Str+4 Int-4}
HPRegen 1.40/turn               b - ring "Peefiq" {rC+ Will+}
MPRegen 0.24/turn               j - ring "Moroa" {rF+ rN+ rCorr Int-3}

@: heroic, finesse-ful, flying, hasted and slowed, studying 2 skills, lightly
drained, unable to read
A: sickness immunity, AC +20, big wings, negative energy resistance 1,
electricity resistance, torment resistance 1, petrification resistance, horns 1,
deformed body, sense surroundings 1, screaming 1, inability to read while
threatened
}: 3/15 runes: decaying, serpentine, silver
a: Renounce Religion, Evoke Invisibility, Heroism, Finesse, Duel


You were on level 1 of the Tomb of the Ancients.
You worshipped Okawaru.
Okawaru was extremely pleased with you.
You visited 12 branches of the dungeon, and saw 53 of its levels.
You also visited: Sewer, Bailey, Ice Cave and Wizlab.

You collected 11511 gold pieces.
You spent 6177 gold pieces at shops.

Inventory:

Hand Weapons
 z - a +9 vorpal double sword (weapon)
 U - the +8 scimitar of a Billion Stories {flame, rN++}
   (Okawaru gifted it to you on level 2 of the Depths)

   It burns those it strikes, dealing additional fire damage.
   Big, fiery blades are also staple armaments of hydra-hunters.
   rN:        It greatly protects you from negative energy.
Armour
 f - the +3 pair of seven-league boots (worn) {Rampage+∞}
   (You found it on level 1 of the Vaults)

   Its wearer moves as far as possible in that direction when moving towards
   enemies.
 y - a +2 tower shield of reflection (worn)
 C - a +2 pair of gloves (worn)
 I - a +4 tower shield of resistance
 Q - a +1 cloak of willpower (worn)
 V - +9 gold dragon scales (worn)
 W - the +2 hat of Polish (worn) {rPois Str+6}
   (Okawaru gifted it to you on level 6 of the Lair of Beasts)

   Str:       It affects your strength (+6).
   rPois:     It protects you from poison.
Jewellery
 b - the ring "Peefiq" (left hand) {rC+ Will+}
   (You found it on level 1 of the Swamp)

   [ring of protection from cold]

   rC:        It protects you from cold.
   Will:      It increases your willpower.
 i - the ring of the Tick {EV+4 SInv}
   (You found it on level 14 of the Dungeon)

   [ring of evasion]

   EV:        It affects your evasion (+4).
   SInv:      It lets you see invisible.
 j - the ring "Moroa" (right hand) {rF+ rN+ rCorr Int-3}
   (You found it on level 1 of the Crypt)

   [ring of protection from fire]

   Int:       It affects your intelligence (-3).
   rF:        It protects you from fire.
   rN:        It protects you from negative energy.
   rCorr:     It protects you from acid and corrosion.
 k - a +4 ring of protection
 l - a ring of positive energy
 p - a +4 ring of evasion
 A - a ring of protection from fire
 D - the amulet "Egyikura" (around neck) {Spirit +Inv Regen+ Str+4 Int-4}
   (You acquired it on level 11 of the Dungeon)

   [amulet of guardian spirit]

   It causes incoming damage to be divided between your reserves of health and
   magic.
   Str:       It affects your strength (+4).
   Int:       It affects your intelligence (-4).
   +Inv:      It lets you turn invisible.
   Regen:     It increases your rate of health regeneration.
 G - a ring of resist corrosion
Wands
 t - a wand of iceblast (50)
 w - a wand of flame (178)
 x - a wand of acid (73)
 M - a wand of digging (3)
 O - a wand of mindburst (56)
Scrolls
 a - 9 scrolls of fear
 c - 39 scrolls of identify
 g - 2 scrolls of silence
 m - 3 scrolls of holy word
 n - 25 scrolls of teleportation
 o - a scroll of magic mapping
 q - 5 scrolls of brand weapon
 L - 2 scrolls of enchant weapon
 N - a scroll of blinking
 S - 10 scrolls of fog
Potions
 d - 16 potions of might
 e - 2 potions of resistance
 r - 6 potions of cancellation
 s - 7 potions of ambrosia
 u - 5 potions of attraction
 E - 20 potions of curing
 F - 5 potions of haste
 H - 3 potions of invisibility
 K - a potion of brilliance
 P - 5 potions of berserk rage
Miscellaneous
 v - a phial of floods
 B - a tin of tremorstones (2/2)
 J - a condenser vane (inert)
 Y - a lightning rod (4/4)


   Skills:
 + Level 21.0(26.0) Fighting
 * Level 21.2(26.2) Long Blades
 * Level 24.9(27) Armour
 + Level 14.2(19.2) Dodging
 * Level 24.8(27) Shields
 + Level 5.0 Spellcasting
 + Level 4.8 Translocations
 + Level 4.5 Transmutations
 + Level 6.3 Earth Magic
 + Level 17.7 Invocations
 + Level 15.1 Evocations


You had 31 spell levels left.
You knew the following spells:

 Your Spells              Type           Power      Damage    Failure   Level
a - Passwall              Tmut/Erth      1%         N/A       21%         2
b - Apportation           Tloc           4%         N/A       19%         1
c - Blink                 Tloc           N/A        N/A       26%         2

Your spell library contained the following spells:

 Spells                   Type           Power      Damage    Failure   Level
 Sandblast                Erth           6%         2d5       10%         1
 Beastly Appendage        Tmut           4%         N/A       21%         1
 Wereblood                Tmut           2%         N/A       30%         2
 Sting                    Tmut/Pois      4%         1d3       45%         1
 Gell's Gravitas          Tloc           1%         N/A       47%         3
 Teleport Other           Tloc           2%         N/A       47%         3
 Stone Arrow              Conj/Erth      2%         3d7       71%         3
 Foxfire                  Conj/Fire      0%         2x1d4     77%         1
 Magic Dart               Conj           0%         1d3       77%         1
 Pain                     Necr           0%         1d4       77%         1
 Petrify                  Tmut/Erth      2%         N/A       80%         4
 Portal Projectile        Hex/Tloc       2%         N/A       82%         3
 Spider Form              Tmut/Pois      0%         N/A       83%         3
 Ensorcelled Hibernation  Hex/Ice        0%         N/A       88%         2
 Scorch                   Fire           0%         2d5       88%         2
 Static Discharge         Conj/Air       0%         N/A       88%         2
 Ignite Poison            Fire/Tmut/Pois 1%         N/A       90%         3
 Confusing Touch          Hex            0%         N/A       98%         3
 Conjure Flame            Conj/Fire      0%         6-21      98%         3
 Dazzling Flash           Conj/Hex       0%         N/A       98%         3
 Frozen Ramparts          Ice            0%         1d2       98%         3
 Inner Flame              Hex/Fire       0%         N/A       98%         3
 Mephitic Cloud           Conj/Pois/Air  0%         N/A       98%         3
 Ozocubu's Armour         Ice            0%         N/A       98%         3
 Swiftness                Air            0%         N/A       98%         3
 Vampiric Draining        Necr           0%         2d6       98%         3
 Leda's Liquefaction      Hex/Erth       0%         N/A       98%         4
 Ice Form                 Ice/Tmut       1%         N/A       99%         4
 Iskenderun's Mystic Bla  Conj/Tloc      1%         2d3       99%         4
 Blade Hands              Tmut           1%         N/A       99%         5
 Manifold Assault         Tloc           2%         N/A       99%         5
 Airstrike                Air            0%         N/A       100%        4
 Cause Fear               Hex            0%         N/A       100%        4
 Dispel Undead            Necr           0%         3d6       100%        4
 Flame Wave               Conj/Fire      0%         3d3       100%        4
 Hailstorm                Conj/Ice       0%         3d3       100%        4
 Sticky Flame             Conj/Fire      0%         2d3       100%        4
 Agony                    Necr           0%         N/A       100%        5
 Alistair's Intoxication  Tmut/Pois      0%         N/A       100%        5
 Borgnjor's Vile Clutch   Necr/Erth      0%         N/A       100%        5
 Excruciating Wounds      Necr           0%         N/A       100%        5
 Fireball                 Conj/Fire      0%         3d3       100%        5
 Freezing Cloud           Conj/Ice/Air   0%         6-21      100%        5
 Iskenderun's Battlesphe  Conj           0%         2d6       100%        5
 Lightning Bolt           Conj/Air       0%         1d11      100%        5
 Metabolic Englaciation   Hex/Ice        0%         N/A       100%        5
 Silence                  Hex/Air        0%         N/A       100%        5
 Yara's Violent Unravell  Hex/Tmut       0%         3d3       100%        5
 Conjure Ball Lightning   Conj/Air       0%         3x3d6     100%        6
 Dispersal                Tloc           1%         N/A       100%        6
 Eringya's Noxious Bog    Tmut/Pois      0%         N/A       100%        6
 Invisibility             Hex            0%         N/A       100%        6
 Iron Shot                Conj/Erth      0%         9d1       100%        6
 Dragon Form              Tmut           1%         N/A       100%        7
 Orb of Destruction       Conj           0%         N/A       100%        7
 Storm Form               Tmut/Air       0%         N/A       100%        7
 Discord                  Hex            0%         N/A       100%        8
 Disjunction              Tloc           1%         N/A       100%        8
 Ignition                 Fire           0%         3d3       100%        8
 Lehudib's Crystal Spear  Conj/Erth      0%         10d2      100%        8
 Maxwell's Capacitive Co  Air            0%         ∞         100%        8
 Necromutation            Tmut/Necr      0%         N/A       100%        8
 Chain Lightning          Conj/Air       0%         N/A       100%        9
 Death's Door             Necr           0%         N/A       100%        9
 Fire Storm               Conj/Fire      0%         5d1       100%        9
 Polar Vortex             Ice            0%         N/A       100%        9
 Shatter                  Erth           1%         3d6*      100%        9
 Call Imp                 Summ           Unusable   N/A       N/A         2
 Summon Guardian Golem    Hex/Summ       Unusable   N/A       N/A         3
 Tukima's Dance           Hex            Unusable   N/A       N/A         3
 Animate Armour           Summ/Erth      Unusable   N/A       N/A         4
 Summon Ice Beast         Ice/Summ       Unusable   N/A       N/A         4
 Summon Lightning Spire   Summ/Air       Unusable   N/A       N/A         4
 Simulacrum               Ice/Necr       Unusable   N/A       N/A         6
 Statue Form              Tmut/Erth      Unusable   N/A       N/A         6
 Summon Cactus Giant      Summ           Unusable   N/A       N/A         6
 Haunt                    Necr/Summ      Unusable   N/A       N/A         7

Dungeon Overview and Level Annotations

Branches:
Dungeon (15/15)            Temple (1/1) D:6            Lair (6/6) D:11
  Swamp (4/4) Lair:3        Snake (4/4) Lair:3        Slime (0/5) Lair:5
    Orc (2/2) D:11            Elf (3/3) Orc:2        Vaults (5/5) D:13
  Crypt (3/3) Vaults:3       Tomb (1/3) Crypt:3      Depths (4/4) D:15
    Zot (5/5) Depths:4      Sewer (visited)          Bailey (visited)
  IceCv (visited)          WizLab (visited)

Altars:
Ashenzari
Cheibriados
Dithmenos
Elyvilon
Fedhas
Gozag
Hepliaklqana
Kikubaaqudgha
Makhleb
Nemelex Xobeh
Okawaru
Qazlal
Ru
Sif Muna
Trog
Uskayaw
Vehumet
Wu Jian
Xom
Yredelemnul
Zin
The Shining One
Beogh
Jiyva

Shops:
D:9 =[===   D:11 ?   Orc:1 *   Orc:2 [?[*   Elf:2 (*::=   Snake:1 *   Snake:3 (
Vaults:1 :   Depths:2 [

Portals:
Hell: Depths:1 Depths:2 Depths:3 Depths:4
Abyss: Zot:3 Depths:1 Depths:3
Pandemonium: Depths:1 Depths:2
Ziggurat: Depths:1

Annotations:
Zot:3 2 transporters, Extudin's ghost, master OgTm


Innate Abilities, Weirdness & Mutations

You are immune to sickness and miasma.
Your stone body is resilient. (AC +20)
You are immune to poison.
Your large and strong wings let you fly.
You resist negative energy. (rN+)
You are resistant to electric shocks. (rElec)
You are resistant to unholy torment.
You are immune to petrification.
You have a pair of small horns on your head.
Armour fits poorly on your strangely shaped body.
You passively map a small area around you.
You occasionally shout uncontrollably at your foes.
You sometimes lose the ability to read scrolls when taking damage.


Message History

The royal mummy is moderately damaged.
You are standing in a thunderstorm.
The death scarab is struck by lightning.
You destroy the death scarab!
The death scarab's corpse disappears in a puff of smoke!
You block the death scarab's attack. You block the royal mummy's attack.
You slice the royal mummy like a ripe choko!!!
You headbutt the royal mummy.
The royal mummy is heavily damaged.
You are standing in a thunderstorm.
The death scarab is struck by lightning.
You destroy the death scarab!
The death scarab's corpse disappears in a puff of smoke!
The death scarab bites you but does no damage.
The royal mummy is struck by lightning.
The royal mummy gestures wildly while chanting.
You block the emperor scorpion's attack. x2
The emperor scorpion claws you but does no damage.
The emperor scorpion barely misses you.
The emperor scorpion claws you but does no damage. x2
You chop the royal mummy into pieces!!!!
The royal mummy is almost destroyed.
You are standing in a thunderstorm.
The death scarab closely misses you.
The royal mummy gestures at you while chanting.
Something smites you!
* * * LOW HITPOINT WARNING * * *
Unknown command.
You barely miss the royal mummy. You headbutt the royal mummy.
You destroy the royal mummy!
Okawaru accepts your kill.
The emperor scorpion disappears in a puff of smoke! x2
The death scarab disappears in a puff of smoke!
The emperor scorpion disappears in a puff of smoke! x2
You feel extremely nervous for a moment...
You feel horribly lethargic.
You feel as though you will be slow longer.
You are standing in a thunderstorm.
You block the death scarab's attack.
The royal mummy points at you and mumbles some strange words.
Something smites you!
You die...

*,,,,,,,,,*#..#,,,,,,,,,,,,,,,
*,,,,,,,,,*#..#,,,,,,,,,,,,,,,
*,,,,,,,,,*#..#,,,,^,,,,,,,,,,
*,,,,,,,,,*#§§#,,,,,,,,,,,,,,,
*,,,,,,,,,*#§.#,,,,,,,,,,,,,,,
*,,,,,,,,,*#.[#,,,,,,,,,,,,,,,
*,,,,,,,,,*#§.#,,,,,,,,,,,,,,,
*,,,,,,,,,*#§§#,,,,,,,,,,,,,,,
*,,,,,,,,,*#§@#***+,,,,,,,,,,,
*,,,,,,,,,*#B§#^^,*,,,,,,,,,,,
*,,,,,,,,,*#MB#^^,*,,,,,,,,,^,
*,,,,,,,,,*#§§#,,,*,,,,,,,,,,,
*,,,,,,,,,*#§§#***************
*,,,,,,,,,*#.§.,,,,,,,,,,,,,,,
*,,,,,,,,,*#.^.,,,,,,,,,,,,,,,
*,,,,,,,,,*####***************
*,,,,,,,,,**************######


You could see a royal mummy and 2 death scarabs.

Vanquished Creatures
  3 dread liches
  5 orbs of fire
  4 ancient liches
  3 juggernauts
  The ghost of Hynnuzim the Warrior, a veteran CeHu of the Shining One (Crypt:1)
  11 royal mummies (Tomb:1)
  A shard shrike (shapeshifter) (Depths:2)
  Bai Suzhen (Crypt:3)
  6 Killer Klowns
  A caustic shrike (Depths:3)
  A curse toe (Zot:2)
  7 golden dragons
  2 bone dragons
  A Hellbinder (WizLab)
  Nikola (Snake:2)
  The ghost of vegansnacktivist the Executioner, an adept DDFi of Makhleb (Vaults:3)
  Jorgrun (D:14)
  A hellephant (Zot:2)
  3 electric golems
  A shard shrike zombie (Crypt:3)
  22 tentacled monstrosities
  7 liches
  Rupert (Lair:4)
  10 Orb Guardians (Zot:5)
  8 quicksilver dragons
  6 titans
  2 deep elf blademasters
  A deep elf master archer (Elf:3)
  The ghost of Nihene the Bludgeoner, an adept FoAK of Lugonu (Swamp:3)
  A walking frostbound tome (Depths:3)
  10 sphinxes
  2 ancient champions (Crypt:1)
  9 death cobs
  15 shadow dragons
  18 storm dragons
  A revenant (Crypt:2)
  2 thorn hunters (Swamp:4)
  11 draconian monks
  5 nagarajas
  Roxanne (Snake:2)
  10 tengu reavers
  8 fire giants
  4 orc warlords
  9 fenstrider witches
  18 vault wardens
  4 draconian scorchers
  6 deep elf sorcerers
  4 iron dragons
  17 ghouls
  A caustic shrike zombie (Crypt:3)
  5 spectral caustic shrikes (Depths:2)
  The ghost of ew1980 the Blocker, a journeyman GnFi of Okawaru (D:14)
  5 frost giants
  3 juggernaut zombies
  2 cacodemons (WizLab)
  3 draconian knights (Zot:1)
  A curse skull (Crypt:2)
  8 draconian shifters
  5 ghost moths
  6 deep elf elementalists (Elf:3)
  3 reapers (Crypt:3)
  A quicksilver ooze (shapeshifter) (Depths:2)
  27 ironbound preservers
  17 very ugly things
  The ghost of Jacimip the Whirler, a journeyman HaHu of Okawaru (Swamp:4)
  7 draconian annihilators
  3 draconian stormcallers
  23 stone giants
  A blood saint (WizLab)
  3 vampire knights
  4 war gargoyles (Vaults:4)
  The ghost of Jeschemp the Severer, a journeyman MiBe of Trog (D:14)
  A caustic shrike skeleton (Crypt:3)
  5 spriggan defenders
  11 deep elf annihilators
  6 deep elf demonologists
  18 green draconians
  12 black draconians
  The ghost of Pesafeac the Covert, a journeyman OpCj of Vehumet (D:14)
  15 dire elephants
  A lorocyproca (WizLab)
  6 bunyips
  16 white draconians
  13 red draconians
  3 entropy weavers
  11 yellow draconians
  12 purple draconians
  11 spark wasps
  13 ettins
  5 eidola
  9 deep elf death magi
  4 blizzard demons
  Josephine (D:11)
  2 green deaths
  7 eleionomae
  The ghost of Giomnon the Destroyer, a journeyman DEFE of Sif Muna (Lair:3)
  8 jiangshi
  8 yaktaur captains
  11 fire dragons
  A mummy priest (Crypt:3)
  7 deep elf high priests
  3 shambling mangroves
  2 hell beasts
  6 ice dragons
  Fannar (D:12)
  A boulder beetle (shapeshifter) (Vaults:5)
  21 hydras
  45 vault guards
  7 ironbound thunderhulks
  2 peacekeepers
  4 salamander tyrants (Snake:4)
  3 ogre magi
  10 great orbs of eyes
  15 naga warriors
  4 rakshasas
  2 catoblepae
  9 ironbound frosthearts
  7 boulder beetles
  A monstrous demonspawn (Depths:1)
  11 anacondas
  9 spriggan air magi
  6 tengu warriors
  A ghost crab (Swamp:1)
  6 centaur warriors
  9 two-headed ogres
  8 alligators
  A two-headed ogre (shapeshifter) (D:15)
  A hell hog (Depths:1)
  2 death knights
  21 dancing weapons
  12 death scarabs (Tomb:1)
  8 deep troll earth magi
  8 deep troll shamans
  4 vampire magi
  A titan zombie (Depths:2)
  6 orc high priests
  11 shock serpents
  9 soul eaters
  29 spriggans
  12 naga sharpshooters
  7 spriggan berserkers
  Nergalle (D:12)
  12 hell knights
  11 deep elf knights
  2 sun demons (WizLab)
  A titan skeleton (Crypt:3)
  3 shadow wraiths (Crypt:2)
  7 iron trolls
  3 sixfirhies
  10 skeletal warriors
  2 bunyip zombies
  6 goliath frogs
  9 salamander mystics
  A storm dragon skeleton (Crypt:3)
  6 bog bodies
  A sea snake (shapeshifter) (Vaults:5)
  2 glowing orange brains (Vaults:1)
  2 shadow demons (WizLab)
  8 spriggan druids (Swamp:4)
  91 deep trolls
  A torturous demonspawn (Depths:1)
  12 wizards
  A swamp dragon (shapeshifter) (D:9)
  An anaconda skeleton (Crypt:1)
  11 deep elf archers
  An orange crystal statue (Zot:5)
  A sphinx zombie (Depths:2)
  3 flayed ghosts
  15 lindwurms
  20 ironbound convokers
  2 swamp dragons (Swamp:3)
  A shadow dragon zombie (Crypt:3)
  33 deep elf zephyrmancers
  4 harpies (Vaults:2)
  17 necromancers
  13 mana vipers
  5 naga ritualists
  25 deep elf pyromancers
  2 orb spiders (shapeshifter)
  20 orc knights
  An oklob plant (D:10)
  15 phantasmal warriors
  A faun (shapeshifter) (Vaults:5)
  2 iron dragon zombies
  9 orc sorcerers
  5 cyclopes
  5 manticores
  18 salamanders
  A shining eye (shapeshifter) (Depths:3)
  2 will-o-the-wisps
  38 ugly things
  Joseph (D:8)
  12 elephants
  2 fire giant skeletons (Crypt:2)
  A dire elephant zombie (Crypt:3)
  21 moths of wrath
  A frost giant skeleton (Depths:2)
  5 rust devils
  3 ice statues (IceCv)
  A titan simulacrum (Depths:2)
  18 naga magi
  38 black mambas
  A water nymph (shapeshifter) (Vaults:5)
  2 water nymphs (Swamp:2)
  8 orange demons
  17 vault sentinels
  2 spriggan zombies (Crypt:3)
  10 guardian serpents
  3 centaur zombies
  23 cane toads
  2 smoke demons
  An elephant slug zombie (Crypt:1)
  An alligator snapping turtle zombie (Crypt:3)
  2 efreet
  5 rime drakes
  3 spriggan skeletons (Crypt:3)
  A yellow draconian zombie (Crypt:2)
  An unseen horror (D:12)
  Maggie (D:8)
  19 yaktaurs
  Psyche (D:8)
  14 komodo dragons
  An anaconda simulacrum (IceCv)
  An emperor scorpion zombie (Crypt:2)
  14 freezing wraiths
  4 ice devils
  11 trolls
  2 tengu conjurers
  17 hellwings
  A jumping spider (shapeshifter) (D:13)
  8 guardian mummies
  3 red devils
  A hydra zombie (Crypt:3)
  A polar bear (shapeshifter) (Depths:2)
  A harpy zombie (Crypt:3)
  A jumping spider (Vaults:3)
  31 hornets
  2 harpy skeletons (Crypt:3)
  A slime creature (shapeshifter) (D:13)
  13 tyrant leeches
  Prince Ribbit (D:7)
  A tarantella zombie (Crypt:2)
  A blink frog (shapeshifter) (D:13)
  19 blink frogs
  20 slime creatures
  10 flying skulls
  A centaur simulacrum (D:14)
  A redback (shapeshifter) (Depths:1)
  A spriggan (shapeshifter) (Elf:3)
  A shadow (D:11)
  5 redbacks
  3 ettin skeletons
  3 wyverns
  4 water elementals
  18 wraiths
  A vampire (D:13)
  2 tarantellas
  7 humans (Zot:2)
  A yak (shapeshifter) (Vaults:5)
  2 dire elephant simulacra (IceCv)
  4 basilisks
  28 yaks
  3 chaos spawn (WizLab)
  Grum (D:8)
  A fire elemental (Elf:2)
  2 death yak simulacra (IceCv)
  A steam dragon (D:7)
  7 vampire mosquitoes
  A neqoxec (Swamp:4)
  5 wargs
  3 naga zombies (Crypt:3)
  17 swamp worms
  44 nagas
  A swamp worm (shapeshifter) (Vaults:4)
  A merfolk skeleton (Crypt:1)
  17 water moccasins
  A faun skeleton (Crypt:1)
  3 floating eyes
  An ice beast (D:7)
  38 orc warriors
  A black bear (Lair:2)
  2 sky beasts
  8 ogres
  14 wolves
  5 necrophages
  A manticore skeleton (Crypt:1)
  6 centaurs
  2 phantoms (D:4)
  18 bullfrogs
  A gnoll sergeant (D:12)
  A scorpion (D:3)
  2 cane toad simulacra (IceCv)
  3 earth elementals
  A water moccasin zombie (Crypt:1)
  5 wyvern skeletons (Crypt:3)
  A killer bee (shapeshifter) (Vaults:4)
  6 killer bees (D:9)
  11 wights
  3 howler monkeys
  3 electric eels
  A bullfrog zombie (Crypt:2)
  A jelly (D:8)
  29 orc priests
  2 centaur skeletons
  Crazy Yiuf (D:7)
  3 gnoll shamans
  5 iguanas
  30 orc wizards
  A lightning spire (Zot:4)
  A statue (D:14)
  2 felid zombies (Crypt:1)
  6 mummies (Tomb:1)
  17 gnolls
  13 adders
  A howler monkey skeleton (D:7)
  2 shadow imps
  A white imp (D:7)
  An iguana zombie (Crypt:1)
  A lava snake zombie (Crypt:2)
  A barachi zombie (Crypt:1)
  2 dart slugs
  71 orcs
  14 ball pythons
  12 bats
  23 endoplasms
  13 giant cockroaches
  8 hobgoblins
  5 jackals
  18 kobolds
  11 quokkas
  A dart slug zombie (Crypt:2)
  20 frilled lizards
  7 goblins
  A hobgoblin skeleton (Crypt:1)
  4 rats
  4 briar patches (Swamp:4)
  2 plants (D:10)
2449 creatures vanquished.

Vanquished Creatures (others)
  A fire giant (Depths:2)
  A draconian knight (Zot:4)
  Nessos (D:12)
  An eleionoma (Swamp:4)
  An anaconda (Snake:2)
  A deep elf zephyrmancer (Elf:1)
  5 bloated husks
  2 hornets (Swamp:1)
  2 spriggans (Swamp:1)
  A ynoxinul (WizLab)
  An air elemental (Elf:2)
  An orc (Orc:2)
  2 briar patches (Swamp:4)
  12 foxfires
  21 fungi
  114 plants
  13 withered plants (Crypt:3)
180 creatures vanquished.

Grand Total: 2629 creatures vanquished

Notes
Turn   | Place    | Note
-------+----------+-------------------------------------------
     0 | D:1      | timneilson the Gargoyle Fighter began the quest for the
                  | Orb.
     0 | D:1      | Reached XP level 1. HP: 14/14 MP: 1/1
   624 | D:1      | Reached XP level 2. HP: 17/19 MP: 2/2
   879 | D:1      | Found a faded altar of an unknown god.
  1587 | D:2      | Reached XP level 3. HP: 23/23 MP: 3/3
  2240 | D:2      | Noticed a necrophage
  2254 | D:2      | Killed a necrophage
  2255 | D:2      | Reached skill level 1 in Dodging
  2255 | D:2      | Reached XP level 4. HP: 24/29 MP: 4/4
  2255 | D:2      | Reached XP level 5. HP: 28/33 MP: 5/5
  2553 | D:3      | Found a basalt altar of Yredelemnul.
  2679 | D:3      | Reached XP level 6. HP: 13/38 MP: 6/6
  3495 | D:3      | Found an ornate altar of the Wu Jian Council.
  3495 | D:3      | Found a hazy altar of Hepliaklqana.
  3495 | D:3      | Found an ancient bone altar of Kikubaaqudgha.
  3769 | D:4      | Reached skill level 5 in Armour
  3769 | D:4      | Reached skill level 5 in Shields
  3769 | D:4      | Reached XP level 7. HP: 31/43 MP: 7/7
  4741 | D:4      | Found a snail-covered altar of Cheibriados.
  4765 | D:5      | Entered Level 5 of the Dungeon
  4985 | D:4      | Reached XP level 8. HP: 38/48 MP: 8/8
  5089 | D:5      | Noticed a yak
  5215 | D:5      | Noticed a yak
  5524 | D:5      | Noticed a yak
  5675 | D:6      | Found a staircase to the Ecumenical Temple.
  5687 | Temple   | Entered the Ecumenical Temple
  5704 | Temple   | Reached skill level 5 in Fighting
  5777 | Temple   | Became a worshipper of Warmaster Okawaru
  5990 | D:6      | Found a glowing drain.
  5999 | Sewer    | Entered a sewer
  6249 | Sewer    | Reached skill level 5 in Long Blades
  6551 | D:6      | You fall into a shaft and drop 1 floor!
  6632 | D:7      | Reached skill level 1 in Invocations
  6665 | D:7      | Identified the +11 dagger of the Endless March {flame,
                  | *Slow +Blink rElec Will++}
  6748 | D:7      | Found a flagged portal.
  6760 | Bailey   | Entered a bailey
  6792 | Bailey   | Reached * piety under Okawaru
  6793 | Bailey   | Reached XP level 9. HP: 23/54 MP: 9/9
  6982 | Bailey   | Reached skill level 1 in Evocations
  6992 | Bailey   | Found a bloodstained altar of Trog.
  7287 | D:7      | Noticed Prince Ribbit
  7302 | D:7      | Killed Prince Ribbit
  8420 | D:7      | Found a runed translucent door.
  8421 | D:7      | Noticed Crazy Yiuf
  8429 | D:7      | Killed Crazy Yiuf
  8676 | D:8      | Noticed a cyclops
  8784 | D:8      | Reached ** piety under Okawaru
  8809 | D:8      | Noticed Joseph
  8833 | D:8      | Killed Joseph
  9129 | D:8      | Noticed Maggie
  9139 | D:8      | Killed Maggie
  9140 | D:8      | Reached XP level 10. HP: 60/60 MP: 10/12
  9150 | D:8      | Noticed Grum
  9170 | D:8      | Killed Grum
  9209 | D:8      | Noticed Psyche
  9218 | D:8      | Killed Psyche
  9310 | D:8      | Reached *** piety under Okawaru
  9566 | D:8      | Killed a cyclops
  9643 | D:9      | Found Asaockut's Jewellery Shop.
  9648 | D:9      | Found Kinoak's Antique Armour Boutique.
  9874 | D:9      | Bought a shimmering buckler for 256 gold pieces
  9874 | D:9      | Identified the +0 buckler "Bahaheti" {rC+ Int+4 Dex+3} (You
                  | bought it in a shop on level 9 of the Dungeon)
  9874 | D:9      | Bought a kite shield for 121 gold pieces
  9893 | D:9      | Noticed a two-headed ogre
  9903 | D:9      | Killed a two-headed ogre
  9903 | D:9      | Reached **** piety under Okawaru
 10150 | D:9      | Reached XP level 11. HP: 50/66 MP: 14/14
 10485 | D:9      | Noticed a wizard
 10493 | D:9      | Noticed a two-headed ogre
 10503 | D:9      | Killed a wizard
 10503 | D:9      | Reached ***** piety under Okawaru
 10514 | D:9      | Killed a two-headed ogre
 10659 | D:9      | Noticed a purple ugly thing
 10659 | D:9      | Noticed a brown ugly thing
 10694 | D:9      | Noticed an orb spider
 10694 | D:9      | a hornet changed into an orb spider
 10700 | D:9      | Killed a purple ugly thing
 10707 | D:9      | Killed a purple ugly thing
 10707 | D:9      | Received a gift from Okawaru
 10714 | D:9      | Killed an orb spider
 10814 | D:9      | Noticed a manticore
 10829 | D:9      | Killed a manticore
 10830 | D:9      | Reached skill level 5 in Invocations
 10945 | D:9      | Noticed a deep elf pyromancer
 10955 | D:9      | Killed a deep elf pyromancer
 11348 | D:9      | Noticed a swamp dragon
 11348 | D:9      | a jumping spider changed into a swamp dragon
 11358 | D:9      | Killed a swamp dragon
 11359 | D:9      | Reached skill level 10 in Armour
 11359 | D:9      | Reached skill level 10 in Shields
 11384 | D:9      | Found the +27 Lear's hauberk
 11386 | D:9      | Identified the +11 war axe of Tender Mercy {vorpal, rPois
                  | rF- SInv}
 11391 | D:9      | Identified the +2 quarterstaff of Kyclawul {vorpal, Drain
                  | +Blink rC+}
 11521 | D:9      | Found Icebbowk's Jewellery Boutique.
 11579 | D:9      | Found Miufa's Jewellery Emporium.
 11770 | D:9      | Found Raceos's Jewellery Shoppe.
 12100 | D:5      | Reached skill level 5 in Dodging
 12401 | D:10     | Entered Level 10 of the Dungeon
 12461 | D:10     | Reached XP level 12. HP: 73/73 MP: 16/16
 12653 | D:10     | Found a blossoming altar of Fedhas.
 13269 | D:11     | Found a staircase to the Lair.
 13369 | D:11     | Noticed a +0 spear
 13369 | D:11     | Noticed a +0 dagger
 13369 | D:11     | Noticed a +0 dagger
 13371 | D:11     | Noticed a +0 short sword
 13372 | D:11     | Noticed a +0 spear
 13372 | D:11     | Noticed a +0 short sword
 13374 | D:11     | Found a hide-covered altar of Uskayaw.
 13447 | D:11     | Found Pijyxoer's Magic Scroll Shop.
 13473 | D:11     | Bought a scroll of identify for 28 gold pieces
 13473 | D:11     | Bought a scroll of identify for 28 gold pieces
 13473 | D:11     | Bought a scroll of identify for 28 gold pieces
 13479 | D:11     | Found a staircase to the Orcish Mines.
 13501 | D:11     | Reached skill level 5 in Evocations
 13852 | D:12     | Noticed Josephine
 13870 | D:11     | Killed Josephine
 13880 | D:12     | Noticed a two-headed ogre
 13907 | D:11     | Killed a two-headed ogre
 14066 | D:12     | Identified the +4 kite shield "Laujoarph" {Rampage rF-
                  | Regen+}
 14073 | D:12     | Noticed Fannar
 14089 | D:12     | Killed Fannar
 14089 | D:12     | Received a gift from Okawaru
 14207 | D:12     | Noticed an eight-headed hydra
 14207 | D:12     | Noticed Nessos
 14285 | Lair:1   | Entered Level 1 of the Lair of Beasts
 14394 | Lair:1   | Noticed a seven-headed hydra
 14403 | Lair:1   | Killed a one-headed hydra
 14404 | Lair:1   | Reached XP level 13. HP: 79/79 MP: 17/17
 14967 | Lair:1   | Received a gift from Okawaru
 16369 | Lair:3   | Reached skill level 10 in Long Blades
 16411 | Lair:3   | Found a large runed translucent door.
 16411 | Lair:3   | Found a large runed translucent door.
 16412 | Lair:3   | Noticed Giomnon's ghost (journeyman DEFE)
 16611 | Lair:3   | Found a staircase to the Swamp.
 16806 | Lair:3   | Found a staircase to the Snake Pit.
 17172 | Lair:4   | Noticed Rupert
 17196 | Lair:4   | Killed Rupert
 17343 | Lair:4   | Reached ****** piety under Okawaru
 17344 | Lair:4   | Gained mutation: Your large and strong wings let you fly.
                  | [Gargoyle growth]
 17344 | Lair:4   | Reached XP level 14. HP: 86/86 MP: 19/19
 17684 | Lair:5   | Found a staircase to the Slime Pits.
 17684 | Lair:5   | Found a viscous altar of Jiyva.
 18488 | Lair:6   | Entered Level 6 of the Lair of Beasts
 18622 | Lair:5   | Identified the +8 dire flail of the Land of Plenty {vorpal,
                  | rN+ Int+4} (Okawaru gifted it to you on level 5 of the Lair
                  | of Beasts)
 18622 | Lair:5   | Received a gift from Okawaru
 18795 | Lair:6   | Found a snail-covered altar of Cheibriados.
 19164 | Lair:6   | Identified the +2 hat of Polish {rPois Str+6} (Okawaru
                  | gifted it to you on level 6 of the Lair of Beasts)
 19164 | Lair:6   | Received a gift from Okawaru
 19282 | Lair:6   | Reached skill level 10 in Fighting
 19710 | Orc:1    | Entered Level 1 of the Orcish Mines
 19767 | Orc:1    | Found Lonocrow's Mayhem Merchandise.
 20011 | Orc:2    | Entered Level 2 of the Orcish Mines
 20290 | Orc:2    | Found a staircase to the Elven Halls.
 20318 | Orc:2    | Noticed an orc warlord
 20322 | Orc:2    | Reached XP level 15. HP: 92/92 MP: 21/21
 20344 | Orc:2    | Killed an orc warlord
 20491 | Orc:2    | Found a runed translucent door.
 20716 | Orc:2    | Found Xohabem's General Store.
 20902 | Orc:2    | Found Sojiej's Armour Boutique.
 20908 | Orc:2    | Found Ihuback's Magic Scroll Boutique.
 20910 | Orc:2    | Found Idwib's Armour Emporium.
 20916 | Orc:2    | Bought a scroll of acquirement for 728 gold pieces
 20918 | Orc:2    | Acquired 631 gold pieces
 21192 | Orc:2    | Received a gift from Okawaru
 21523 | D:12     | Noticed Nergalle
 21555 | D:12     | Killed Nergalle
 21940 | D:13     | Found a frozen archway.
 21978 | IceCv    | Entered an ice cave
 22659 | D:13     | Found a gate to the Vaults.
 22832 | D:14     | Noticed Jorgrun
 22849 | D:14     | Killed Jorgrun
 22867 | D:14     | Found a radiant altar of Vehumet.
 22948 | D:14     | Found a runed translucent gate.
 22948 | D:14     | Found a runed translucent gate.
 22948 | D:14     | Found a runed translucent gate.
 22948 | D:14     | Noticed ew1980's ghost (journeyman GnFi)
 22949 | D:14     | Noticed Jeschemp's ghost (journeyman MiBe)
 22949 | D:14     | Noticed Pesafeac's ghost (journeyman OpCj)
 23039 | D:14     | Received a gift from Okawaru
 23041 | D:14     | Got the Catalogue of the Volcanoes
 23108 | D:14     | Found the +6 shillelagh "Devastator" {shatter}
 23412 | D:14     | Found a hazy altar of Hepliaklqana.
 23477 | D:15     | Entered Level 15 of the Dungeon
 23593 | D:15     | Reached XP level 16. HP: 89/99 MP: 21/23
 24356 | D:15     | Found a staircase to the Depths.
 24687 | Snake:1  | Entered Level 1 of the Snake Pit
 25118 | Snake:1  | Reached skill level 15 in Shields
 25121 | Snake:1  | Received a gift from Okawaru
 25169 | Snake:1  | Noticed a nagaraja
 25183 | Snake:1  | Killed a nagaraja
 25296 | Snake:1  | Reached skill level 15 in Armour
 25387 | Snake:1  | Found Oqakh's General Store.
 25699 | Snake:1  | Reached skill level 10 in Invocations
 26152 | Snake:2  | Acquired 1193 gold pieces
 26305 | D:11     | Bought 3 scrolls of acquirement for 2184 gold pieces
 26305 | D:11     | Bought a scroll of teleportation for 42 gold pieces
 26305 | D:11     | Acquired the amulet "Egyikura" {Spirit +Inv Regen+ Str+4
                  | Int-4}
 26307 | D:11     | Acquired 918 gold pieces
 26309 | D:11     | Acquired a +3 vampiric double sword
 26641 | Snake:2  | Identified Roxanne's Handbook of Transformation
 26641 | Snake:2  | Noticed Roxanne
 26647 | Snake:2  | Noticed Nikola
 26656 | Snake:2  | Killed Roxanne
 26664 | Snake:2  | Killed Nikola
 26664 | Snake:2  | Identified the +5 scale mail of Impressiveness {Rampage
                  | rElec} (Okawaru gifted it to you on level 2 of the Snake
                  | Pit)
 26664 | Snake:2  | Received a gift from Okawaru
 26665 | Snake:2  | Reached XP level 17. HP: 104/104 MP: 24/24
 27448 | Snake:3  | Found Xoginim's Weapon Boutique.
 28075 | Snake:3  | Identified the +4 battleaxe "Gonaol" {antimagic, *Corrode
                  | rPois rN+ Dex+4}
 28308 | Snake:4  | Entered Level 4 of the Snake Pit
 28680 | Snake:4  | Received a gift from Okawaru
 28698 | Snake:4  | Identified the ring of Xom's Wantonness {Ice Fly rElec
                  | Str+3 Int-5}
 30016 | Snake:4  | Reached XP level 18. HP: 81/112 MP: 13/26
 30354 | Snake:4  | Got a serpentine rune of Zot
 30791 | Swamp:1  | Entered Level 1 of the Swamp
 30820 | Swamp:1  | Identified the +2 quarterstaff "Vukhlub" {antimagic, rF+
                  | rN+} (Okawaru gifted it to you on level 1 of the Swamp)
 30820 | Swamp:1  | Received a gift from Okawaru
 30838 | Swamp:1  | Identified the ring "Peefiq" {rC+ Will+}
 31857 | Swamp:2  | Received a gift from Okawaru
 32180 | Swamp:3  | Found a runed translucent gate.
 32180 | Swamp:3  | Found a runed translucent gate.
 32180 | Swamp:3  | Found a runed translucent gate.
 32182 | Swamp:3  | Noticed Nihene's ghost (adept FoAK)
 32200 | Swamp:3  | Paralysed by a fenstrider witch for 6 turns
 32744 | Swamp:4  | Entered Level 4 of the Swamp
 32802 | Swamp:4  | Identified the +6 scimitar "Kuschezo" {drain, rElec rN+
                  | rCorr Dex+2} (Okawaru gifted it to you on level 4 of the
                  | Swamp)
 32802 | Swamp:4  | Received a gift from Okawaru
 32803 | Swamp:4  | Reached XP level 19. HP: 89/118 MP: 13/27
 32843 | Swamp:4  | Noticed a tentacled monstrosity
 32874 | Swamp:4  | Killed a tentacled monstrosity
 32889 | Swamp:4  | Gained mutation: Your body sometimes deteriorates upon
                  | taking damage. [a neqoxec]
 32969 | Swamp:4  | Got a decaying rune of Zot
 33091 | Swamp:4  | Reached skill level 10 in Evocations
 33240 | Swamp:4  | Identified the +10 falchion of Obsession {spect, *Corrode
                  | rC+ Str+2} (Okawaru gifted it to you on level 4 of the
                  | Swamp)
 33240 | Swamp:4  | Received a gift from Okawaru
 33249 | Swamp:4  | Found a runed translucent door.
 33249 | Swamp:4  | Noticed Jacimip's ghost (journeyman HaHu)
 33273 | Swamp:4  | Killed Jacimip's ghost
 33275 | Swamp:4  | Identified the +2 long sword "Aniloul" {vorpal, rN+ Stlth-}
 33426 | Swamp:4  | Identified the +7 falchion of Abuse {freeze, rPois Will+
                  | Str+2}
 33975 | Depths:1 | Entered Level 1 of the Depths
 34109 | Depths:1 | Found a gateway to a ziggurat.
 34256 | Depths:1 | Reached skill level 15 in Long Blades
 34323 | Depths:1 | Found a gateway to Hell.
 34411 | Depths:1 | Noticed a bone dragon
 34426 | Depths:1 | Killed a bone dragon
 34438 | Depths:1 | Received a gift from Okawaru
 34539 | Depths:1 | Found a one-way gate to the infinite horrors of the Abyss.
 34642 | Depths:1 | Received a gift from Okawaru
 34752 | Depths:1 | Found a shadowy altar of Dithmenos.
 34881 | Depths:1 | Reached skill level 10 in Dodging
 34888 | Depths:1 | Reached XP level 20. HP: 51/125 MP: 8/29
 35075 | Depths:1 | Paralysed by a sphinx for 2 turns
 35233 | Depths:1 | Found a one-way gate leading to the halls of Pandemonium.
 35470 | Depths:2 | Identified the +8 scimitar of a Billion Stories {flame,
                  | rN++} (Okawaru gifted it to you on level 2 of the Depths)
 35470 | Depths:2 | Received a gift from Okawaru
 35569 | Depths:2 | Found a runed translucent door.
 35725 | Depths:2 | Found Ening's Armour Boutique.
 35811 | Depths:2 | Identified the +5 glaive of Vuar {vorpal, Str+4} (Okawaru
                  | gifted it to you on level 2 of the Depths)
 35811 | Depths:2 | Received a gift from Okawaru
 36233 | Depths:2 | Found an ornate altar of the Wu Jian Council.
 36459 | Depths:2 | Found a runed translucent door.
 36478 | Depths:2 | Found a runed translucent door.
 36551 | Depths:2 | Identified the +0 pair of boots "Rupuan" {Contam Rampage
                  | Int+2 Stlth+} (Okawaru gifted it to you on level 2 of the
                  | Depths)
 36551 | Depths:2 | Received a gift from Okawaru
 36556 | Depths:2 | Found the +5 sword of Power {vorpal}
 37011 | Depths:3 | Reached XP level 21. HP: 108/132 MP: 20/30
 37199 | Depths:3 | Noticed a golden dragon
 37199 | Depths:3 | Noticed a golden dragon
 37209 | Depths:3 | Noticed a juggernaut
 37211 | Depths:3 | Killed a golden dragon
 37217 | Depths:3 | Killed a golden dragon
 37226 | Depths:3 | Killed a juggernaut
 38288 | Depths:3 | Noticed a dread lich
 38297 | Depths:3 | Killed a dread lich
 38316 | Depths:3 | Identified the ring of Sif Muna's Grace {MP+9 Dex+4 SInv}
 38334 | Depths:3 | Noticed a caustic shrike
 38337 | Depths:3 | Noticed a juggernaut
 38346 | Depths:3 | Paralysed by a floating eye for 4 turns
 38348 | Depths:3 | Killed a juggernaut
 38358 | Depths:3 | Paralysed by a floating eye for 3 turns
 38365 | Depths:3 | Paralysed by a floating eye for 2 turns
 38536 | Depths:3 | Killed a caustic shrike
 38681 | Depths:4 | Entered Level 4 of the Depths
 38688 | Depths:4 | Received a gift from Okawaru
 38752 | Depths:4 | Found a gate to the Realm of Zot.
 38752 | Depths:4 | Noticed a bone dragon
 38777 | Depths:4 | Killed a bone dragon
 39252 | Vaults:1 | Entered Level 1 of the Vaults
 39466 | Vaults:1 | Found the +3 pair of seven-league boots {Rampage+∞}
 39769 | Vaults:1 | Reached XP level 22. HP: 135/138 MP: 28/32
 39828 | Vaults:1 | Received a gift from Okawaru
 40450 | Vaults:1 | Found Ashreoxad's Book Shoppe.
 40461 | Vaults:1 | Bought a manual of Fighting for 880 gold pieces
 40896 | Vaults:2 | Reached skill level 15 in Fighting
 41176 | Vaults:2 | Identified the +0 quarterstaff of Giddigue {venom, rN+
                  | Str-3 Stlth+}
 41197 | Vaults:2 | Received a gift from Okawaru
 42190 | Vaults:3 | Reached XP level 23. HP: 145/145 MP: 30/33
 43039 | Vaults:3 | Found a staircase to the Crypt.
 43039 | Vaults:3 | Found an ancient bone altar of Kikubaaqudgha.
 43039 | Vaults:3 | Found a basalt altar of Yredelemnul.
 43325 | Vaults:3 | Found a runed translucent door.
 43325 | Vaults:3 | Found a shimmering altar of Xom.
 43395 | Vaults:3 | Noticed vegansnacktivist's ghost (adept DDFi)
 43406 | Vaults:3 | Identified the -7 hat of Death Resistance {rN+ Int+5}
                  | (Okawaru gifted it to you on level 3 of the Vaults)
 43406 | Vaults:3 | Received a gift from Okawaru
 43419 | Vaults:3 | Killed vegansnacktivist's ghost
 44812 | Vaults:4 | Upgraded the game from 0.28-a0-533-g9f97627e2a to
                  | 0.28-a0-535-g6f645e4c1d
 44904 | Crypt:1  | Entered Level 1 of the Crypt
 45242 | Snake:1  | Bought a potion of mutation for 104 gold pieces
 45242 | Snake:1  | Bought a scroll of brand weapon for 260 gold pieces
 45242 | Snake:1  | Bought a potion of might for 52 gold pieces
 45242 | Snake:1  | Bought a wand of mindburst (10) for 182 gold pieces
 45242 | Snake:1  | Bought a scroll of identify for 26 gold pieces
 45242 | Snake:1  | Bought a potion of curing for 39 gold pieces
 45242 | Snake:1  | Bought a scroll of identify for 26 gold pieces
 46044 | Crypt:1  | Found a runed translucent gate.
 46046 | Crypt:1  | Found a runed translucent gate.
 46046 | Crypt:1  | Found a runed translucent gate.
 46047 | Crypt:1  | Found an ancient bone altar of Kikubaaqudgha.
 46048 | Crypt:1  | Noticed an ancient lich
 46048 | Crypt:1  | Noticed Hynnuzim's ghost (veteran CeHu)
 46049 | Crypt:1  | Noticed a dread lich
 46326 | Depths:2 | Received a gift from Okawaru
 46329 | Depths:2 | Reached XP level 24. HP: 150/154 MP: 26/34
 46347 | Depths:2 | Identified the +8 morningstar "Huizxua" {drain, Stlth+}
 46385 | Depths:2 | Identified the +10 battleaxe of Contradiction {freeze,
                  | Will+}
 46442 | Depths:2 | Noticed a shard shrike
 46442 | Depths:2 | Noticed a juggernaut
 46442 | Depths:2 | a shard shrike changed into a juggernaut
 46458 | Depths:2 | a juggernaut changed into a titan
 46464 | Depths:2 | Noticed a shard shrike
 46464 | Depths:2 | a titan changed into a shard shrike
 46473 | Depths:2 | Killed a shard shrike
 46508 | Depths:2 | Reached skill level 15 in Invocations
 47626 | D:12     | Killed Nessos
 47701 | D:14     | Killed Pesafeac's ghost
 47706 | D:14     | Killed ew1980's ghost
 47720 | D:14     | Killed Jeschemp's ghost
 47727 | D:14     | Identified the ring of the Tick {EV+4 SInv}
 47865 | Lair:3   | Killed Giomnon's ghost
 47956 | Swamp:3  | Killed Nihene's ghost
 48344 | Crypt:1  | Killed a dread lich
 48355 | Crypt:1  | Killed an ancient lich
 48389 | Crypt:1  | Killed Hynnuzim's ghost
 48397 | Crypt:1  | Identified the ring "Moroa" {rF+ rN+ rCorr Int-3}
 48401 | Crypt:1  | Identified the +1 pair of gloves of a Labyrinth {rC- Dex+3}
 48405 | Crypt:1  | Got Kikubaaqudgha's Papyrus of Evil
 48458 | Crypt:2  | Found a basalt altar of Yredelemnul.
 48547 | Crypt:2  | Received a gift from Okawaru
 48616 | Crypt:2  | Found a magical portal.
 48625 | WizLab   | Entered The Hall of the Hellbinder
 48756 | WizLab   | Found a burning altar of Makhleb.
 48800 | WizLab   | Identified the ring "Onycatoa" {Drain Fly Will+ Dex+6 SInv}
 49110 | Crypt:2  | Got Poajemop's Catalogue of Igneous Confrontation
 49312 | Crypt:3  | Entered Level 3 of the Crypt
 49401 | Crypt:3  | Noticed Bai Suzhen
 49410 | Crypt:3  | Killed Bai Suzhen
 49520 | Crypt:3  | Found an ancient bone altar of Kikubaaqudgha.
 49671 | Crypt:3  | Identified the +2 morningstar "Emnupiem" {holy, rF+ SInv}
 49871 | Crypt:3  | Reached XP level 25. HP: 162/162 MP: 34/34
 49897 | Crypt:3  | Noticed an ancient lich
 49897 | Crypt:3  | Noticed an ancient lich
 49905 | Crypt:3  | Killed an ancient lich
 49907 | Crypt:3  | Identified the amulet "Xiacs" {Faith Will+}
 49909 | Crypt:3  | Killed an ancient lich
 49936 | Crypt:3  | Got the Catalogue of Malediction
 50179 | Crypt:3  | Received a gift from Okawaru
 50640 | Crypt:3  | Found a staircase to the Tomb.
 51154 | Elf:1    | Entered Level 1 of the Elven Halls
 51608 | Elf:1    | Got the Grimoire of Creative Arcane Weapons
 52086 | Elf:2    | Found a runed translucent gate.
 52086 | Elf:2    | Found a runed translucent gate.
 52086 | Elf:2    | Found a runed translucent gate.
 52142 | Elf:2    | Found Nasib's Jewellery Boutique.
 52142 | Elf:2    | Found Tekhlu's Book Emporium.
 52143 | Elf:2    | Found Wimepn's Book Emporium.
 52245 | Elf:2    | Identified the +1 ring mail "Gutz" {rN+ Slay+3}
 52356 | Elf:2    | Found Jawir's Specific Store.
 52357 | Elf:2    | Found Deops's General Store.
 52376 | Elf:2    | Bought a scroll of identify for 34 gold pieces
 52376 | Elf:2    | Bought a wand of iceblast (9) for 221 gold pieces
 52376 | Elf:2    | Bought a scroll of teleportation for 51 gold pieces
 52376 | Elf:2    | Bought 2 potions of heal wounds for 170 gold pieces
 52380 | Elf:2    | Bought a potion of cancellation for 120 gold pieces
 52469 | Elf:2    | Found Ohuloel's Antique Weapon Shoppe.
 52993 | Elf:3    | Entered Level 3 of the Elven Halls
 53374 | Elf:3    | Identified the +4 falchion of Joyful Slaughter {freeze,
                  | +Blink rPois}
 53400 | Elf:3    | Received a gift from Okawaru
 53459 | Elf:3    | Reached XP level 26. HP: 133/170 MP: 24/35
 53588 | Elf:3    | Identified the +8 chain mail of Vexation {rF+}
 53600 | Elf:3    | Got Voudghoq's Reference Book on Hexes
 54099 | Elf:3    | Got the Incunabulum of Transmigration
 54135 | Elf:3    | Identified the +10 rapier "Ygas" {freeze, rN++ Int-3}
 54530 | Vaults:5 | Entered Level 5 of the Vaults
 54601 | Vaults:4 | Received a gift from Okawaru
 55272 | Vaults:5 | Received a gift from Okawaru
 55590 | Vaults:5 | Got a silver rune of Zot
 55597 | Vaults:5 | Identified the ring "Zairoave" {Str+2 Int+6 Dex+6 Stlth-}
 55686 | Vaults:5 | Identified the +0 buckler "Vibilur" {Str+2}
 55689 | Vaults:5 | Identified the +5 hunting sling "Mateotaumn" {venom, Contam
                  | rF- rCorr Str+2 Dex+5}
 55881 | Vaults:5 | Got the Collected Works on the Venomous Volcanoes
 56681 | Depths:4 | Found a glowing golden altar of the Shining One.
 57193 | Zot:1    | Entered Level 1 of the Realm of Zot
 57546 | Zot:1    | Identified the +5 scale mail "Deitamat" {Str+2}
 57703 | Zot:1    | Reached XP level 27. HP: 178/179 MP: 35/35
 57772 | Zot:1    | Received a gift from Okawaru
 58320 | Zot:1    | Learned a level 2 spell: Passwall
 58322 | Zot:1    | Learned a level 1 spell: Apportation
 58325 | Zot:1    | Learned a level 2 spell: Blink
 58548 | Zot:2    | Reached skill level 1 in Earth Magic
 58768 | Zot:2    | Reached skill level 1 in Translocations
 58810 | Zot:2    | Reached skill level 1 in Spellcasting
 58826 | Zot:2    | Reached skill level 1 in Transmutations
 59504 | Zot:2    | Received a gift from Okawaru
 60152 | Orc:2    | Bought a scroll of identify for 28 gold pieces
 60152 | Orc:2    | Bought a scroll of enchant armour for 105 gold pieces
 60152 | Orc:2    | Bought a scroll of identify for 28 gold pieces
 60152 | Orc:2    | Bought a scroll of identify for 28 gold pieces
 60152 | Orc:2    | Bought a scroll of enchant armour for 105 gold pieces
 60152 | Orc:2    | Bought a scroll of identify for 28 gold pieces
 60152 | Orc:2    | Bought a scroll of blinking for 105 gold pieces
 60166 | Orc:2    | Bought a potion of invisibility for 80 gold pieces
 60166 | Orc:2    | Bought a scroll of identify for 20 gold pieces
 60166 | Orc:2    | Bought a potion of might for 40 gold pieces
 60166 | Orc:2    | Bought a scroll of teleportation for 30 gold pieces
 60821 | Zot:3    | Noticed a dread lich
 60885 | Zot:3    | Identified the amulet "Qudunerr" {*Slow rC- rN++ Regen+
                  | Dex+9}
 60893 | Zot:3    | Found a transporter.
 60899 | Zot:3    | Noticed a juggernaut
 60899 | Zot:3    | a Killer Klown changed into a juggernaut
 60916 | Zot:3    | Killed a juggernaut
 60918 | Zot:3    | Found a transporter.
 60918 | Zot:3    | Noticed a dread lich
 60918 | Zot:3    | Noticed Extudin's ghost (master OgTm)
 60923 | Zot:3    | Noticed an ancient lich
 61663 | Zot:4    | Noticed an orb of fire
 61677 | Zot:4    | Killed an orb of fire
 62047 | Zot:5    | Entered Level 5 of the Realm of Zot
 62326 | Zot:5    | Received a gift from Okawaru
 62732 | Zot:5    | Reached skill level 5 in Earth Magic
 62945 | Zot:5    | Noticed a dread lich
 62946 | Zot:5    | Noticed an ancient lich
 62955 | Zot:5    | Killed an ancient lich
 62958 | Zot:5    | Noticed an orb of fire
 62961 | Zot:5    | Noticed an orb of fire
 62966 | Zot:5    | Noticed an orb of fire
 62977 | Zot:5    | Gained mutation: You occasionally shout uncontrollably at
                  | your foes. [an orb of fire]
 62987 | Zot:5    | Killed a dread lich
 62989 | Zot:5    | Killed an orb of fire
 63004 | Zot:5    | Gained mutation: You frequently scream uncontrollably at
                  | your foes. [an orb of fire]
 63006 | Zot:5    | Killed an orb of fire
 63028 | Zot:5    | Noticed an orb of fire
 63036 | Zot:5    | Gained mutation: You are weak. (Str -2) [an orb of fire]
 63038 | Zot:5    | Gained mutation: You have large cloven feet. [an orb of
                  | fire]
 63055 | Zot:5    | Killed an orb of fire
 63099 | Zot:4    | Lost mutation: You have large cloven feet. [potion of
                  | mutation]
 63099 | Zot:4    | Lost mutation: You are weak. (Str -2) [potion of mutation]
 63099 | Zot:4    | Lost mutation: Your body sometimes deteriorates upon taking
                  | damage. [potion of mutation]
 63099 | Zot:4    | Gained mutation: You have a pair of small antennae on your
                  | head. [potion of mutation]
 63225 | Zot:5    | Noticed an orb of fire
 63226 | Zot:5    | Gained mutation: Potions are less effective at restoring
                  | your health. [an orb of fire]
 63227 | Zot:5    | Gained mutation: You do not regenerate when monsters are
                  | visible. [an orb of fire]
 63229 | Zot:5    | Lost intelligence.
 63229 | Zot:5    | Gained mutation: You are dopey. (Int -2) [an orb of fire]
 63233 | Zot:5    | Gained mutation: Armour fits poorly on your strangely
                  | shaped body. [an orb of fire]
 63238 | Zot:5    | Gained mutation: You sometimes lose the ability to read
                  | scrolls when taking damage. [an orb of fire]
 63243 | Zot:5    | Killed an orb of fire
 63244 | Zot:5    | Reached skill level 15 in Evocations
 63271 | Zot:5    | Lost mutation: You do not regenerate when monsters are
                  | visible. [potion of mutation]
 63271 | Zot:5    | Lost mutation: You have a pair of small antennae on your
                  | head. [potion of mutation]
 63271 | Zot:5    | Lost mutation: Potions are less effective at restoring your
                  | health. [potion of mutation]
 63271 | Zot:5    | Gained mutation: You passively map a small area around you.
                  | [potion of mutation]
 63272 | Zot:5    | Lost mutation: You sometimes lose the ability to read
                  | scrolls when taking damage. [potion of mutation]
 63272 | Zot:5    | Lost mutation: You are dopey. (Int -2) [potion of mutation]
 63272 | Zot:5    | Lost mutation: You frequently scream uncontrollably at your
                  | foes. [potion of mutation]
 63272 | Zot:5    | Gained mutation: You sometimes lose the ability to read
                  | scrolls when taking damage. [potion of mutation]
 63272 | Zot:5    | Gained mutation: You have a pair of small horns on your
                  | head. [potion of mutation]
 63659 | Tomb:1   | Entered Level 1 of the Tomb of the Ancients
 63826 | Tomb:1   | Noticed a royal mummy
 63826 | Tomb:1   | Noticed a royal mummy
 63826 | Tomb:1   | Noticed a royal mummy
 63831 | Tomb:1   | Noticed a royal mummy
 63836 | Tomb:1   | Killed a royal mummy
 63841 | Tomb:1   | Killed a royal mummy
 63842 | Tomb:1   | Noticed a royal mummy
 63842 | Tomb:1   | Received a gift from Okawaru
 63842 | Tomb:1   | Noticed a royal mummy
 63846 | Tomb:1   | Noticed a royal mummy
 63848 | Tomb:1   | Killed a royal mummy
 63849 | Tomb:1   | Killed a royal mummy
 63857 | Tomb:1   | Killed a royal mummy
 63864 | Tomb:1   | Killed a royal mummy
 63867 | Tomb:1   | Killed a royal mummy
 64012 | Tomb:1   | Noticed a royal mummy
 64013 | Tomb:1   | Noticed a royal mummy
 64019 | Tomb:1   | Noticed a royal mummy
 64022 | Tomb:1   | Killed a royal mummy
 64023 | Tomb:1   | Noticed a royal mummy
 64041 | Tomb:1   | Killed a royal mummy
 64042 | Tomb:1   | Reached skill level 5 in Spellcasting
 64044 | Tomb:1   | Noticed a royal mummy
 64054 | Tomb:1   | Killed a royal mummy
 64055 | Tomb:1   | HP: 8/181 [royal mummy/divine providence (10)]
 64060 | Tomb:1   | HP: 4/181 [royal mummy/divine providence (15)]
 64061 | Tomb:1   | Killed a royal mummy
 64061 | Tomb:1   | Killed from afar by a royal mummy

Illustrated notes

Levels and vault maps discovered:
D:1:      elethiomel_arrival_infinity_welcomes_careful_drivers, layout_basic,
          ebering_ecumenical_altar_box
D:2:      layout_loops_corners
D:3:      layout_loops_ring, grunt_temple_overflow_open
D:4:      layout_loops_cross, nicolae_overflow_hidden_temple
D:5:      layout_cave_pools
D:6:      layout_basic, temple_pool_b, portal_sewer_entry_d
D:7:      layout_loops_ring, enter_bailey_2, minivault_5,
          uniq_crazy_yiuf_cottage, uniq_prince_ribbit1
D:8:      layout_rooms, uniq_psyche, uniq_grum, uniq_joseph, uniq_maggie
D:9:      minmay_the_grid_triangle_9x9_rhombus_thin
          [minmay_the_grid_triangle_9x9_corrupted_corridor,
          minmay_the_grid_triangle_9x9_prize_schism,
          minmay_the_grid_triangle_9x9_warning,
          minmay_the_grid_triangle_9x9_odd_lines], layout_long_grid,
          serial_shops, shop, nicolae_shop_trees, nicolae_stop_n_shop_2,
          kennysheep_mini, nicolae_shop_trees
D:10:     layout_big_octagon, tgw_fedhas, serial_column_ruins,
          column_ruins_grid_1, column_ruins_open_tiny,
          column_ruins_corridor_corner, column_ruins_open_tiny,
          column_ruins_columns_T, column_ruins_columns_straight,
          minmay_lizard_king
D:11:     layout_basic, minmay_lair_entry_grove, orc_0_dummy, serial_shops,
          nicolae_shop_trees, nicolae_uskayaw_en_pointe
D:12:     layout_basic, minmay_between, uniq_nergalle, uniq_nessos,
          uniq_josephine, uniq_fannar
D:13:     layout_basic, david_vaults_4, portal_ice_cave_rime, serial_glass,
          glass_columns_c, glass_columns_c, glass_columns_c, glass_columns_b
D:14:     minmay_roctagon, layout_rooms, nicolae_hepliaklqana_hippocampus,
          gammafunk_ghost_cemetery, vehumet_statue, uniq_jorgrun
D:15:     gammafunk_enter_depths_forms, layout_basic, serial_bayou_shore_a
Temple:   eino_temple_scatter_basement
Lair:1:   layout_cave_pods
Lair:2:   layout_cave_pods
Lair:3:   layout_regular_city, minmay_swamp_entry_worms, dummy_snake_entry,
          ebering_ghost_disaster_area, lemuel_fruit_fields
Lair:4:   layout_loops_ring, grunt_megastairs_1, infiniplex_staircase_pool_2,
          lemuel_fruit_tree, uniq_rupert
Lair:5:   layout_loops_ring, slime_altar_1
Lair:6:   minmay_lair_end_frog_pond, layout_gridlike, basic_altar
Swamp:1:  layout_basic_swamp, hangedman_swamp_ruin_wall,
          infiniplex_staircase_pool
Swamp:2:  layout_basic_swamp, nicolae_swamp_bean_lake, swamp_pool1,
          nicolae_swamp_nymph_family_reunion
Swamp:3:  layout_basic_swamp, gammafunk_ghost_split, evilmike_swamp_ruin_house_5
Swamp:4:  nzn_swamp_witches_coven, layout_basic_swamp, gammafunk_ghost_grave,
          swamp_pool4, nicolae_swamp_feature_on_the_river_bank
Snake:1:  layout_chambers, serial_shops, shop, guppyfry_library_mini
Snake:2:  layout_onion_interference, uniq_roxanne, uniq_nikola
Snake:3:  layout_concentric_octagons, nicolae_stop_n_shop_2
Snake:4:  snake_pit_salamanders_mu, layout_layer_cave, nicolae_snake_omega
Orc:1:    layout_diamond_mine, basic_altar, minmay_shop_mayhem
Orc:2:    st_orc_elflike, layout_caves, roderic_batcave, lightli_church_of_beogh
Elf:1:    eino_elf_arrival_the_gate, layout_gridlike, minmay_elf_sorcery,
          grunt_ministairs_12
Elf:2:    elven_hall_of_blades_hangedman_original [nooodl_blade_entry_preview],
          layout_geoelf_diagonals, special_room [special_room_orc],
          serial_shops, nicolae_shop_stone, nicolae_specific_store,
          fake_guardian_serpent_vault, minmay_shop_grove
Elf:3:    minmay_elf_hall_spiked, layout_loops_cross
Vaults:1: hangedman_vaults_stretched_pinwheel, v_misc_22, vaults_mumra_chevron,
          hangedman_vaults_restitches, hangedman_vaults_nodes,
          ontoclasm_vaults_fault, hangedman_vaults_hard_town_square,
          nicolae_vaults_windows_and_doors_thing, nicolae_vaults_theta,
          grunt_vaults_funnel, v_pattern_3, v_misc_19,
          nicolae_vaults_little_squares_3, v_misc_27, layout_vaults_omnibox,
          serial_shops, shop
Vaults:2: vaults_dpeg_diagonal, v_pattern_4, grunt_vaults_bifocal,
          nicolae_vaults_stairing_the_circle, grunt_vaults_focal,
          vaults_standard_mumra_x, ontoclasm_vaults_ligature, v_misc_14,
          v_rooms_3, v_misc_11, vaults_mumra_hex, nicolae_vaults_meeting,
          grunt_vaults_hallway_short, layout_vaults_omnicross
Vaults:3: ebering_vaults_ghost_xom, v_misc_29, nicolae_vaults_network_square,
          v_misc_24, grunt_vaults_trifunnel, nicolae_vaults_little_squares_6,
          v_pattern_1, nicolae_vaults_mini_display_case, vaults_dpeg_hooks,
          layout_vaults_omnigrid, minmay_crypt_entry_necro_gods
Vaults:4: hangedman_vaults_locks, v_misc_27, ontoclasm_vaults_decontamination,
          hangedman_vaults_restitches, vaults_mumra_hexcomb, v_misc_14,
          v_misc_11, nicolae_vaults_display_case, hangedman_vaults_pinch,
          nicolae_vaults_angled_halls, layout_vaults_big_room
Vaults:5
Crypt:1:  layout_chaotic_city, gammafunk_ghost_crypt
Crypt:2:  layout_rooms, infiniplex_enter_wizlab_glasses, basic_altar,
          serial_sigils_hangedman_writhe
Crypt:3:  evilmike_haunted_forest, uniq_bai_suzhen
Tomb:1
Depths:1: layout_forbidden_donut, enter_ziggurat_a,
          nicolae_dithmenos_through_a_glass_darkly, abyss_entry,
          grunt_mini_vestibule, grunt_pan_entry_in_and_out,
          hangedman_stitches_earthworm, grunt_megastairs_3
Depths:2: minmay_expanding_circles, layout_gridlike, nzn_wu_jian_contemplation,
          pan_entry, serial_shops, nicolae_shop_trees, pf_hell_entry_tar_river,
          minmay_st_funbox, minmay_door_square, nrook_mini_vaults
Depths:3: minmay_tile_spiral, layout_long_grid, chequers_serial_rivers_micro_c,
          abyss_entry, hell_entry, infiniplex_staircase_pillars_3a
Depths:4: grunt_twist_and_shout, layout_long_grid, hell_entry, tso_oasis_becter
Zot:1:    layout_onion_interference
Zot:2:    circus_mu, layout_basic
Zot:3:    layout_onion_interference, gammafunk_ghost_abyssal_escape
Zot:4:    layout_onion_interference, amethyst_zot_foddershock, lemuel_elevator
Zot:5:    layout_gridlike, bh_zot_lava_cross, grunt_ministairs_4

Skill      XL: |  1  2  3  4  5  6  7  8  9 10 11 12 13 14 15 16 17 18 19 20 21 22 23 24 25 26 27 |
---------------+----------------------------------------------------------------------------------+-----
Long Blades    | 2 3 4 5 6 7 8 9 10 11 12 13 14 15 16 17 18 19 20 21 | 21.2
Armour         | 4 5 6 8 9 10 11 12 13 14 15 16 17 18 19 20 21 22 23 24 | 24.9
Dodging        | 1 2 3 4 5 6 7 8 9 10 11 12 13 14 | 14.2
Shields        | 4 5 6 8 9 10 11 12 13 14 15 16 17 18 19 20 21 22 23 24 | 24.8
Fighting       | 4 5 6 7 8 9 10 11 12 13 14 15 16 17 18 19 21 | 21.0
Invocations    | 1 3 4 5 6 7 8 9 10 11 12 13 14 15 16 17 | 17.7
Evocations     | 2 3 4 5 6 7 8 9 10 11 12 13 14 15 | 15.1
Earth Magic    | 6 |  6.3
Translocations | 4 |  4.8
Spellcasting   | 5 |  5.0
Transmutations | 4 |  4.5

Action                   |  1- 3 |  4- 6 |  7- 9 | 10-12 | 13-15 | 16-18 | 19-21 | 22-24 | 25-27 || total
-------------------------+-------+-------+-------+-------+-------+-------+-------+-------+-------++-------
Melee: Long sword        |   130 |   115 |   584 |   757 |   178 |       |       |       |       ||  1764
       Demon blade       |       |       |       |    20 |  1542 |   390 |       |       |       ||  1952
       Scimitar          |       |       |       |       |     7 |   208 |       |       |       ||   215
       Double sword      |       |       |       |       |       |   977 |  1505 |  1976 |  2531 ||  6989
       Headbutt          |       |       |       |       |       |       |       |       |    62 ||    62
Invok: Heroism           |       |       |     7 |    19 |    27 |    37 |    33 |    27 |    33 ||   183
       Finesse           |       |       |       |     3 |     5 |     5 |     8 |     9 |    16 ||    46
Evoke: Tin of tremorston |       |       |       |       |       |     1 |       |     2 |     1 ||     4
       Condenser vane    |       |       |       |       |       |       |     2 |     1 |     7 ||    10
       Wand              |       |       |       |       |       |       |       |       |     2 ||     2
       Lightning rod     |       |       |       |       |       |       |       |       |     2 ||     2
  Use: Scroll            |     2 |     3 |     8 |     7 |     9 |    12 |     9 |     7 |    10 ||    67
       Potion            |       |       |     4 |     3 |     2 |     3 |       |       |    20 ||    32
 Stab: Petrified         |       |       |       |       |     5 |       |       |       |       ||     5
Armor: Scale mail        |     5 |       |       |       |       |       |       |       |       ||     5
       Chain mail        |    68 |    89 |   415 |   450 |  1053 |   863 |   625 |       |       ||  3563
       Plate armour      |       |       |       |   120 |       |       |       |       |       ||   120
       Gold dragon scale |       |       |       |       |       |       |   246 |  1051 |  1433 ||  2730
Dodge: Dodged            |    46 |    49 |   267 |   279 |   732 |   411 |   470 |   580 |   743 ||  3577
Block: Buckler           |    32 |    28 |   174 |    22 |    45 |       |       |       |       ||   301
       Kite shield       |       |       |       |   325 |   961 |   194 |       |       |       ||  1480
       Tower shield      |       |       |       |       |       |  1243 |  1330 |  1907 |  2285 ||  6765
       Reflection        |       |       |       |       |       |   110 |    24 |    27 |    62 ||   223

Table legend: (Time is in decaauts)
 A = Elapsed time spent in this place.
 B = Non-inter-level travel time spent in this place.
 C = Inter-level travel time spent in this place.
 D = Time resting spent in this place.
 E = Time spent auto-exploring this place.
 F = Levels seen in this place.
 G = Mean time per level.
                   A        B        C        D        E       F      G
               +--------+--------+--------+--------+--------+-----+--------+
         Total |  61522 |  54180 |   7342 |   2727 |  31054 |  57 | 1079.3 |
       Dungeon |  18444 |  15577 |   2867 |   1558 |   8683 |  15 | 1229.6 |
        Temple |    186 |    173 |     13 |      0 |    131 |   1 |  186.0 |
          Lair |   5883 |   5017 |    866 |      0 |   3516 |   6 |  980.5 |
         Swamp |   3049 |   2835 |    214 |      0 |   1694 |   4 |  762.2 |
     Snake Pit |   5857 |   5311 |    546 |    204 |   3109 |   4 | 1464.2 |
  Orcish Mines |   1857 |   1486 |    371 |    100 |    596 |   2 |  928.5 |
   Elven Halls |   2972 |   2771 |    201 |      0 |   1839 |   3 |  990.7 |
        Vaults |   7457 |   6469 |    988 |    234 |   3918 |   5 | 1491.4 |
         Crypt |   3163 |   2841 |    322 |      0 |   1732 |   3 | 1054.3 |
          Tomb |    367 |    367 |      0 |     40 |     90 |   1 |  367.0 |
        Depths |   5611 |   4825 |    786 |    139 |   2609 |   4 | 1402.8 |
           Zot |   5118 |   4954 |    164 |      0 |   2971 |   5 | 1023.6 |
         Sewer |    476 |    476 |      0 |      0 |    104 |   1 |  476.0 |
        Bailey |    520 |    520 |      0 |    337 |      0 |   1 |  520.0 |
      Ice Cave |    287 |    287 |      0 |    114 |      0 |   1 |  287.0 |
        Wizlab |    268 |    268 |      0 |      0 |     62 |   1 |  268.0 |
               +--------+--------+--------+--------+--------+-----+--------+

Top non-repeatable levels by time:
 Snake:4: 2173 daAuts
     D:9: 2154 daAuts
Vaults:4: 1761 daAuts
Vaults:1: 1735 daAuts
Depths:2: 1683 daAuts
     D:1: 1606 daAuts
 Crypt:3: 1582 daAuts
Vaults:3: 1510 daAuts
    D:15: 1500 daAuts
Depths:1: 1486 daAuts
 Snake:3: 1417 daAuts
 Snake:1: 1415 daAuts
   Zot:2: 1413 daAuts
Vaults:2: 1403 daAuts
Depths:3: 1403 daAuts
